 Dungeon Crawl Stone Soup version 0.17.0-22-g5edae84 (console) character file.

49 jw the Chopper (level 3, 0/39 HPs)
             Began as an Octopode Berserker on Nov 13, 2015.
             Was a Believer of Trog.
             Slain by platinum's ghost (11 damage)
             ... on level 3 of the Dungeon.
             The game lasted 00:06:00 (2535 turns).

jw the Chopper (Octopode Berserker)                 Turns: 2535, Time: 00:06:00

Health: 0/39       AC:  1    Str: 19 (21) XL:     3   Next: 75%
Magic:  3/3        EV: 13    Int:  9      God:    Trog [**....]
Gold:   85         SH:  0    Dex: 12      Spells: 0 memorised, 2 levels left

rFire  . . .     SeeInvis .     a - +0 hand axe
rCold  . . .     Clarity  .     (no shield)
rNeg   . . .     SustAt   .     (helmet restricted)
rPois  .         Gourm    .     (no amulet)
rElec  .         Spirit   .     (no ring)
rCorr  .         Warding  .     (no ring)
rMut   .         Stasis   .     (no ring)
MR     .....                    (no ring)
Stlth  ..........               (no ring)
                                (no ring)
                                (no ring)
                                (no ring)

@: berserking, very quick, not resistant to hostile enchantments, extremely
unstealthy
A: almost no armour, amphibious, 8 rings, constrict 8, camouflage 1, gelatinous
body 1
a: Berserk, Trog's Hand, Burn Spellbooks, Renounce Religion


You were on level 3 of the Dungeon.
You worshipped Trog.
Trog was pleased with you.
You were not hungry.

You visited 1 branch of the dungeon, and saw 3 of its levels.

You collected 85 gold pieces.

Inventory:

Hand Weapons
 a - a +0 hand axe (weapon)
Missiles
 i - 35 stones (quivered)
Scrolls
 e - 2 scrolls of identify
 g - 2 scrolls of remove curse
 j - a scroll of recharging {unknown}
Potions
 d - a potion of cure mutation
 f - 2 potions of brilliance {unknown}
Comestibles
 b - 4 bread rations
 c - a royal jelly
 h - 4 slices of pizza
 k - a beef jerky
 m - a meat ration


   Skills:
 + Level 3.2 Fighting
 * Level 3.9 Axes
 + Level 1.7 Throwing
 - Level 3.0 Dodging


You had 2 spell levels left.
You didn't know any spells.

Dungeon Overview and Level Annotations

Branches:
Dungeon (3/15)

Altars:
Ashenzari
Dithmenos
Elyvilon
Okawaru
Qazlal
Ru
Trog

Annotations:
D:3 platinum's ghost, weakling MfGl


Innate Abilities, Weirdness & Mutations

You cannot wear most types of armour.
You are amphibious.
You can wear up to eight rings at the same time.
You can use your tentacles to constrict eight enemies at once.
Your skin changes colour to match your surroundings (Stealth).
Your rubbery body absorbs attacks (AC +1).


Message History

Platinum's ghost hits you.
A red film seems to cover your vision as you go berserk!
You feel yourself moving faster!
You feel mighty!
You feel somewhat more hungry. Platinum's ghost barely misses you.
ATTACK MOVE TO (0,1)
You closely miss platinum's ghost.
Platinum's ghost is lightly damaged.
Platinum's ghost misses you.
ATTACK MOVE TO (0,1)
You miss platinum's ghost. You squeeze platinum's ghost!
Platinum's ghost is moderately damaged.
ATTACK MOVE TO (0,1)
You closely miss platinum's ghost.
Platinum's ghost is moderately damaged.
Platinum's ghost hits you.
ATTACK MOVE TO (0,1)
You hit platinum's ghost but do no damage.
Platinum's ghost is moderately damaged.
Platinum's ghost hits you!
You die...

#...##.# #########.# #.#
######.##.######.........###.####
.............................)...
#.......#.######.###########.####
#)####..#.# #.# #.....
.....#..#.# #.# ####..###
.....#..#.# #.# #.....#..
.....##.#.# #.# #.##.##.#
#...###...# #x# #.#<.##.# #...#
#...######W### #.#..##.#
#...###..>##....(..# #.#..##.#
#..................# #.#..##.#
#...########.......# #.#.....#
##### #.......# #.##.####
#####.....).# #.##.....
#######......(.(..# #.#######
#.......###.......# #........


You could see platinum's ghost.

Table legend:
 A = Turns spent in this place as a percentage of turns spent in the entire game.
 B = Non-inter-level travel turns spent in this place as a percentage of non-inter-level travel turns spent in the entire game.
 C = Inter-level travel turns spent in this place as a percentage of turns spent in this place.
 D = Turns resting spent in this place as a percentage of non-inter-level travel turns spent in this place.
 E = Turns spent auto-exploring this place as a percentage of non-inter-level travel turns spent in this place.
 F = Non-inter-level travel turns spent in this place divided by the number of levels of this place that you've seen.
                   A       B       C       D       E      F
               +-------+-------+-------+-------+-------+----------------------
         Total | 100.0 | 100.0 |   0.6 |   0.7 |   3.2 | 993.7
       Dungeon | 100.0 | 100.0 |   0.6 |   0.7 |   3.2 | 993.7
               +-------+-------+-------+-------+-------+----------------------

Table legend:
 A = Kills in this place as a percentage of kills in entire the game.
 B = Kills by you in this place as a percentage of kills by you in the entire game.
 C = Kills by friends in this place as a percentage of kills by friends in the entire game.
 D = Other kills in this place as a percentage of other kills in the entire game.
 E = Experience gained in this place as a percentage of experience gained in the entire game.
 F = Experience gained in this place divided by the number of levels of this place that you have seen.
                   A       B       C       D       E      F
               +-------+-------+-------+-------+-------+----------------------
         Total | 100.0 | 100.0 |  -nan |  -nan | 100.0 |  23.3
       Dungeon | 100.0 | 100.0 |  -nan |  -nan | 100.0 |  23.3
               +-------+-------+-------+-------+-------+----------------------

Vanquished Creatures
  A worm (D:3)
  An orc (D:3)
  5 bats
  3 giant cockroaches
  6 goblins
  2 hobgoblins
  A jackal (D:3)
  12 kobolds
  2 quokkas (D:3)
  A ball python (D:3)
  A giant gecko (D:2)
  A giant newt (D:2)
  7 rats
43 creatures vanquished.

Notes
Turn   | Place    | Note
--------------------------------------------------------------
     0 | D:1      | jw the Octopode Berserker began the quest for the Orb.
     0 | D:1      | Reached XP level 1. HP: 16/16 MP: 1/1
   431 | D:1      | Reached XP level 2. HP: 21/21 MP: 2/2
  1045 | D:2      | Found an iron altar of Okawaru.
  1069 | D:2      | Reached skill level 1 in Throwing
  1094 | D:2      | Found a shattered altar of Ashenzari.
  1359 | D:2      | Reached XP level 3. HP: 26/26 MP: 3/3
  1617 | D:3      | Reached ** piety under Trog
  2000 | D:3      | Found a white marble altar of Elyvilon.
  2000 | D:3      | Found a sacrificial altar of Ru.
  2001 | D:3      | Found a shadowy altar of Dithmenos.
  2193 | D:3      | Found a stormy altar of Qazlal.
  2195 | D:3      | Noticed a water elemental
  2196 | D:3      | Noticed an earth elemental
  2196 | D:3      | Noticed an air elemental
  2196 | D:3      | Noticed a fire elemental
  2357 | D:3      | Found a bloodstained altar of Trog.
  2517 | D:3      | Noticed platinum's ghost (weakling MfGl)
  2535 | D:3      | Slain by platinum's ghost

Action                   || total
-------------------------++-------
Melee: Hand axe          ||    77
Throw: Stone             ||    44
Invok: Berserk           ||     1
  Use: Scroll            ||     5
       Potion            ||     3
 Stab: Sleeping          ||     7
  Eat: Chunk             ||     5

Vault maps used:
D:1:      roderic_dead_forest
D:2:      evilmike_ruin_ashenzari, lemuel_coloured_pillars_altar,
          kennysheep_generic_room_4
D:3:      nicolae_overflow_quartered_altars, minmay_misc_feat_columns,
          nicolae_qazlal_style_of_elements
